 Dungeon Crawl Stone Soup version 0.30-a0-857-gcaf70739d4 (webtiles) character file.

Game seed: 8197117134817204458

51 KleinerIrrer the Shooter (level 4, 0/35 HPs)
             Began as a Formicid Hunter on Mar 5, 2023.
             Slain by an adder (2 damage)
             ... on level 2 of the Dungeon.
             The game lasted 00:01:51 (1134 turns).

KleinerIrrer the Shooter (Formicid Hunter)          Turns: 1134, Time: 00:01:51

Health: 0/35       AC:  3    Str: 13 (16) XL:     4   Next: 7%
Magic:  4/4        EV: 12    Int:  6 (8)  God:
Gold:   32         SH:  0    Dex: 16 (19) Spells: 3/3 levels left

rFire   . . .      SeeInvis +    a - +0 shortbow
rCold   . . .      Faith    .    (no shield)
rNeg    . . .      Spirit   .    c - +0 leather armour
rPois   .          Reflect  .    (helmet unavailable)
rElec   .          Rampage  .    (no cloak)
rCorr   .                        (no gloves)
Will    .....                    (no boots)
Stlth   ++                       (no amulet)
HPRegen 0.25/turn                (no ring)
MPRegen 0.09/turn                (no ring)

@: brilliant, lethally poisoned (0 -> -4), flying
A: permanent stasis, dig shafts and tunnels, antennae 3, four strong arms
a: Dig, Shaft Self


You were on level 2 of the Dungeon.
You visited 1 branch of the dungeon, and saw 2 of its levels.

You collected 32 gold pieces.

Inventory:

Hand Weapons
 a - a +0 shortbow (weapon)
 h - a +2 dagger of venom
Armour
 c - a +0 leather armour (worn)
Wands
 j - a wand of polymorph (4)
Scrolls
 b - a scroll of immolation
Potions
 i - a potion of mutation {unknown}


   Skills:
 + Level 3.1 Fighting
 * Level 5.0 Ranged Weapons
 - Level 1.7 Dodging
 - Level 1.2 Stealth


You had 3 spell levels left.
You didn't know any spells.
Your spell library was empty.

Dungeon Overview and Level Annotations

Branches:
Dungeon (2/15)

Altars:

Annotations:
D:2 Sigmund


Innate Abilities, Weirdness & Mutations

You cannot be hasted, slowed, berserked, paralysed or teleported.
You can dig through walls and to a lower floor.
You have a pair of large antennae on your head. (SInv)
Your four strong arms can wield two-handed weapons with a shield.


Message History

You feel sick.
You shoot an arrow. The arrow closely misses the adder.
The arrow hits the endoplasm.
The endoplasm is severely wounded.
You feel sick. The adder closely misses you. x2
You shoot an arrow. The arrow misses the adder.
The arrow hits the endoplasm!
You kill the endoplasm!
You feel sick.
You are no longer poisoned.
The adder closely misses you.
Sigmund's eyes start glowing with a red light.
The adder bites you.
You are poisoned.
The adder poisons you!
Your Ranged Weapons skill increases to level 5!
You shoot an arrow.
The arrow hits the adder but does no damage.
You feel sick. The adder closely misses you.
The adder bites you but does no damage.
Sigmund hits you from afar with a +0 scythe!
You are too injured to fight recklessly!
It was a potion of curing.
You feel better. The adder bites you.
It was a potion of flight.
You feel very buoyant.
You fly up into the air.
The adder bites you.
Sigmund hits you from afar with a +0 scythe.
It was a potion of degeneration.
There was something very wrong with that liquid.
You feel weakened.
You feel dopey.
You feel clumsy. The adder closely misses you.
Sigmund screams, "Die, monster!"
Sigmund hits you from afar with a +0 scythe!
* * * LOW HITPOINT WARNING * * *
It was a potion of brilliance.
You feel clever all of a sudden. The adder bites you.
* * * LOW HITPOINT WARNING * * *
You are lethally poisoned!
The adder poisons you! The adder bites you.
You die...

<..{. #....... #..####
#.###### #....# #.#
#....##.# #)# .....K. #.#
#†# ####.## #K# #.# #. #@#
#)# # #S# #.# #@# #.# #.#
#.# #.# #.# #.# #.# #.#
#.# #.# #.# #)#########.#
####### #...........######
...))).#########..........


You could see Sigmund (invisible), an adder and a kobold.

Vanquished Creatures
  Robin (D:2)
  4 ball pythons (D:1)
  A bat (D:1)
  4 endoplasms
  3 giant cockroaches
  9 goblins
  3 hobgoblins
  2 jackals (D:1)
  2 kobolds
  A quokka (D:1)
  A frilled lizard (D:1)
  3 rats
34 creatures vanquished.

Notes
Turn   | Place    | Note
-------+----------+-------------------------------------------
     0 | D:1      | KleinerIrrer the Formicid Hunter began the quest for the
                  | Orb.
     0 | D:1      | Reached XP level 1. HP: 16/16 MP: 1/1
   296 | D:1      | Reached XP level 2. HP: 23/23 MP: 2/2
   445 | D:1      | Found a faded altar of an unknown god.
   610 | D:1      | Reached XP level 3. HP: 28/28 MP: 3/3
  1007 | D:2      | Noticed Robin
  1036 | D:2      | Killed Robin
  1070 | D:2      | Reached XP level 4. HP: 35/35 MP: 4/4
  1118 | D:2      | Noticed Sigmund
  1130 | D:2      | Reached skill level 5 in Ranged Weapons
  1134 | D:2      | Slain by an adder

Illustrated notes

Levels and vault maps discovered:
D:1:      dpeg_arrival_ternary, layout_loops_corners,
          hellmonk_ecumenical_altar_heavens_door
D:2:      layout_loops_ring, basic_altar, uniq_sigmund, uniq_robin

Skill      XL: |  1  2  3  4 |
---------------+-------------+-----
Fighting       | 3 |  3.1
Ranged Weapons | 5 |  5.0
Dodging        | |  1.7
Stealth        | |  1.2

Action                     |  1- 3 |  4- 6 || total
---------------------------+-------+-------++-------
   Fire: Shortbow          |    72 |     8 ||    80
    Use: Potion            |       |     4 ||     4
 Armour: Leather armour    |     8 |     3 ||    11
  Dodge: Dodged            |    18 |     6 ||    24

Table legend: (Time is in decaauts)
 A = Elapsed time spent in this place.
 B = Non-inter-level travel time spent in this place.
 C = Inter-level travel time spent in this place.
 D = Time resting spent in this place.
 E = Time spent auto-exploring this place.
 F = Levels seen in this place.
 G = Mean time per level.
                   A        B        C        D        E       F      G
               +--------+--------+--------+--------+--------+-----+--------+
         Total |   1158 |   1128 |     30 |     37 |    888 |   2 |  579.0 |
       Dungeon |   1158 |   1128 |     30 |     37 |    888 |   2 |  579.0 |
               +--------+--------+--------+--------+--------+-----+--------+

Top non-repeatable levels by time:
     D:1: 876 daAuts
     D:2: 281 daAuts
